 Dungeon Crawl Stone Soup version 0.28-a0-779-g3d1f99b579 (webtiles) character file.

Game seed: 14871172432390732305

107 kae the Chopper (level 4, 0/40 HPs)
             Began as a Hill Orc Cinder Acolyte on Nov 2, 2021.
             Was a High Priest of Ignis.
             Slain by an adder (2 damage)
             ... on level 2 of the Dungeon.
             The game lasted 00:01:01 (2642 turns).

kae the Chopper (Hill Orc Cinder Acolyte)           Turns: 2642, Time: 00:01:02

Health: 0/40       AC:  4    Str: 17    XL:     4   Next: 85%
Magic:  4/6        EV: 11    Int: 14    God:    Ignis [*****.]
Gold:   88         SH:  0    Dex:  6    Spells: 4/6 levels left

rFire   + . .      SeeInvis .   a - -1 hand axe (flame)
rCold   . . .      Faith    .   (no shield)
rNeg    . . .      Spirit   .   b - +0 robe
rPois   .          Reflect  .   f - +0 helmet
rElec   .          Harm     .   (no cloak)
rCorr   .          Rampage  .   (no gloves)
Will    .....                   e - +0 pair of boots
Stlth   +.........              (no amulet)
HPRegen 0.13/turn               (no ring)
MPRegen 0.10/turn               (no ring)

@: lethally poisoned (0 -> -3)
A: no striking features
a: Renounce Religion, Sea of Fire, Foxfire Swarm, Rising Flame


You were on level 2 of the Dungeon.
You worshipped Ignis.
Ignis was extremely pleased with you.
You visited 1 branch of the dungeon, and saw 3 of its levels.

You collected 88 gold pieces.

Inventory:

Hand Weapons
 a - a -1 hand axe of flaming (weapon)
Armour
 b - a +0 robe (worn)
 e - a +0 pair of boots (worn)
 f - a +0 helmet (worn)


   Skills:
 + Level 4.3 Fighting
 * Level 5.4 Axes
 + Level 1.7 Spellcasting
 + Level 3.9 Fire Magic


You had 4 spell levels left.
You knew the following spells:

 Your Spells              Type           Power      Damage    Failure   Level
a - Scorch                Fire           24%        2d6       7%          2

Your spell library contained the following spells:

 Spells                   Type           Power      Damage    Failure   Level


Dungeon Overview and Level Annotations

Branches:
Dungeon (3/15)

Altars:


Message History

You feel sick.
You are no longer poisoned.
The adder barely misses you. The adder closely misses you.
There is an open door here.
Okay, then.
Casting: Scorch (safe; 7% risk of failure)
Confirm with . or Enter, or press ? or * to list all spells.
Flames lash the adder.
The adder is moderately wounded.
The adder's fire resistance burns away.
The adder bites you. x2
You are poisoned.
The adder poisons you!
You feel sick. The adder misses you.
You miss the adder.
You feel sick. The adder bites you.
* * * LOW HITPOINT WARNING * * *
You are more poisoned.
The adder poisons you!
You hit the adder. You burn the adder.
The adder is moderately wounded.
You feel sick.
The adder is no longer more vulnerable to fire.
The adder bites you.
* * * LOW HITPOINT WARNING * * *
The adder bites you but does no damage.
It was a potion of cancellation.
You feel magically purged.
* * * LOW HITPOINT WARNING * * *
You feel sick. The adder closely misses you.
It was a potion of magic.
Magic courses through your body.
* * * LOW HITPOINT WARNING * * *
You feel sick. The adder barely misses you.
You aren't carrying any scrolls.
Unknown command.
You aren't carrying any items that you can evoke.
Casting: Scorch (safe; 7% risk of failure)
Confirm with . or Enter, or press ? or * to list all spells.
Flames lash the orc.
You kill the orc!
* * * LOW HITPOINT WARNING * * *
You feel sick. The adder closely misses you. The adder bites you.
You die...

#.......#...............##...
#.......#...............##...
#.......#.............#.##...
#........................+...
#....................##.##...
##.....####........#.##.....<
##.................+.........
##.........)###.....#.#.....##
#.....>....SS@................
#..........o###.#.............
#.............................
#.#.........#.......#.#.......
#.#.........#.......#.#.......
###.#.....#<........#...#.......
#......(..+.........#...#.......
####......#.....###.............
#.......#.....###.............


You could see 2 adders and an orc.

Vanquished Creatures
  Jessica (D:3)
  2 adders (D:2)
  A worm (D:2)
  3 dart slugs (D:2)
  3 orcs
  5 endoplasms
  A giant cockroach (D:1)
  6 goblins
  5 hobgoblins
  7 quokkas
  6 ball pythons
  2 bats (D:2)
  3 frilled lizards
  3 kobolds
  3 rats
51 creatures vanquished.

Notes
Turn   | Place    | Note
-------+----------+-------------------------------------------
     0 | D:1      | kae the Hill Orc Cinder Acolyte began the quest for the
                  | Orb.
     0 | D:1      | Reached XP level 1. HP: 19/19 MP: 2/2
   450 | D:1      | Reached XP level 2. HP: 27/27 MP: 3/3
   485 | D:1      | Learned a level 2 spell: Scorch
  1208 | D:1      | Reached XP level 3. HP: 19/33 MP: 4/4
  1415 | D:1      | Found a faded altar of an unknown god.
  1917 | D:2      | Reached skill level 5 in Axes
  2016 | D:2      | Reached XP level 4. HP: 37/40 MP: 3/6
  2530 | D:3      | Noticed Jessica
  2539 | D:3      | Killed Jessica
  2642 | D:2      | HP: 2/40 [poisoned by an adder]
  2642 | D:2      | Slain by an adder

Illustrated notes

Levels and vault maps discovered:
D:1:      minmay_arrival_nine_rooms, layout_loops_cross,
          chequers_ecumenical_altar_simple_redux
D:2:      layout_basic
D:3:      layout_basic, uniq_crazy_yiuf_cottage, uniq_jessica

Skill      XL: |  1  2  3 |
---------------+----------+-----
Fighting       | 4 |  4.3
Axes           | 5 |  5.4
Spellcasting   | |  1.7
Fire Magic     | |  3.9

Action                   |  1- 3 |  4- 6 || total
-------------------------+-------+-------++-------
Melee: Hand axe          |    92 |    21 ||   113
 Cast: Scorch            |     8 |    11 ||    19
  Use: Potion            |       |     2 ||     2
Armor: Robe              |    14 |    14 ||    28
Dodge: Dodged            |    59 |    21 ||    80

Table legend: (Time is in decaauts)
 A = Elapsed time spent in this place.
 B = Non-inter-level travel time spent in this place.
 C = Inter-level travel time spent in this place.
 D = Time resting spent in this place.
 E = Time spent auto-exploring this place.
 F = Levels seen in this place.
 G = Mean time per level.
                   A        B        C        D        E       F      G
               +--------+--------+--------+--------+--------+-----+--------+
         Total |   2651 |   2593 |     58 |    261 |   1994 |   3 |  883.7 |
       Dungeon |   2651 |   2593 |     58 |    261 |   1994 |   3 |  883.7 |
               +--------+--------+--------+--------+--------+-----+--------+

Top non-repeatable levels by time:
     D:1: 1543 daAuts
     D:2: 1075 daAuts
     D:3: 32 daAuts
